 Dungeon Crawl Stone Soup version 0.26.0-10-g1f06aea511 (webtiles) character file.

Game seed: 2619189677262922641

18222 night the Thaumaturge (level 12, -10/86 HPs)
             Began as a Demonspawn Ice Elementalist on Jan 18, 2021.
             Was the Champion of Kikubaaqudgha.
             Mangled by an orc knight
             ... wielding a +3 war axe
              (28 damage)
             ... on level 2 of the Orcish Mines.
             The game lasted 00:49:18 (15382 turns).

night the Thaumaturge (DsIE)                       Turns: 15382, Time: 00:49:18

Health: -10/86     AC:  1    Str: 14    XL:     12   Next: 25%
Magic:  0/26       EV: 12    Int: 21    God:    Kikubaaqudgha [******]
Gold:   773        SH:  0    Dex: 19    Spells: 2/32 levels left

rFire    . . .     SeeInvis .   O - +1 lajatang (vamp)
rCold    . . .     Faith    .   (shield currently unavailable)
rNeg     . . .     Spirit   +   v - +0 steam dragon scales
rPois    +         Reflect  .   z - +2 hat
rElec    .         Harm     .   C - +1 cloak
rCorr    .         Rampage  .   e - +0 pair of gloves
Will     .....                  (no boots)
Stlth    ++........             (no amulet)
HPRegen  0.24/turn              L - ring of poison resistance
MPRegen  0.20/turn              D - ring "Othresum" {Str+4 Dex+6}

@: corroded
A: antennae 2, yellow scales 2, magic shield, miasma immunity
a: Renounce Religion, Receive Corpses, Torment, Brand Weapon With Pain, Receive
Necronomicon


You were on level 2 of the Orcish Mines.
You worshipped Kikubaaqudgha.
Kikubaaqudgha was exalted by your worship.
You visited 4 branches of the dungeon, and saw 14 of its levels.
You also visited: Ossuary.

You collected 1070 gold pieces.
You spent 297 gold pieces at shops.

Inventory:

Hand Weapons
 f - a +1 hand axe of pain
 s - a +1 falchion of electrocution
 O - a +1 vampiric lajatang (weapon)
Missiles
 k - 377 stones
 n - 8 boomerangs of dispersal
 o - 8 javelins
 p - 92 sling bullets
 t - 22 poisoned darts (quivered)
 I - 2 throwing nets
 N - 19 boomerangs
Armour
 a - a +0 robe
 e - a +0 pair of gloves (worn)
 l - a +0 ring mail
 v - +0 steam dragon scales (worn)
 z - a +2 hat (worn)
 C - a +1 cloak (worn)
 G - +0 swamp dragon scales
Jewellery
 h - an uncursed ring of protection from fire
 D - the ring "Othresum" (right hand) {Str+4 Dex+6}
   (You found it on level 8 of the Dungeon)

   [ring of dexterity]

   It affects your strength (+4).
   It affects your dexterity (+6).
 L - a ring of poison resistance (left hand)
 R - an uncursed ring of protection from fire
Wands
 c - a wand of random effects (5)
 y - a wand of digging (4)
 E - a wand of iceblast (2)
 F - a wand of paralysis (8)
 P - a wand of acid (1)
 Q - a wand of flame (25)
Scrolls
 b - 4 scrolls of teleportation
 d - 7 scrolls of identify
 i - 2 scrolls of vulnerability
 m - 4 scrolls of remove curse
 A - 2 scrolls of amnesia
 H - 2 scrolls of magic mapping
 M - a scroll of enchant weapon
Potions
 g - 8 potions of attraction
 j - a potion of flight {unknown}
 q - 2 potions of berserk rage
 r - a potion of cancellation
 u - 3 potions of curing
 w - a potion of heal wounds {unknown}
 x - 2 potions of mutation {unknown}
 J - a potion of degeneration {unknown}
 K - a potion of lignification {unknown}


   Skills:
 + Level 5.6 Fighting
 + Level 1.7 Staves
 - Level 1.7 Dodging
 - Level 1.7 Stealth
 + Level 10.7 Spellcasting
 + Level 9.0 Necromancy
 - Level 10.2 Ice Magic
 + Level 8.5 Poison Magic


You had 2 spell levels left.
You knew the following spells:

 Your Spells              Type           Power        Failure   Level
a - Freeze                Ice            100%         1%          1
b - Frozen Ramparts       Ice            100%         1%          3
c - Ozocubu's Armour      Ice            52%          1%          3
d - Olgreb's Toxic Radia  Pois           47%          1%          4
e - Sublimation of Blood  Necr           24%          1%          2
f - Pain                  Necr           100%         1%          1
g - Summon Ice Beast      Ice/Summ       32%          8%          4
h - Dispel Undead         Necr           49%          1%          4
i - Ignite Poison         Fire/Tmut/Pois 23%          5%          3
j - Borgnjor's Vile Clut  Necr/Erth      15%          26%         5

Your spell library contained the following spells:

 Spells                   Type           Power        Failure   Level
 Animate Skeleton         Necr           98%          1%          1
 Sting                    Tmut/Pois      100%         1%          1
 Poisonous Vapours        Pois/Air       58%          1%          2
 Apportation              Tloc           22%          6%          1
 Corona                   Hex            12%          6%          1
 Summon Small Mammal      Summ           44%          6%          1
 Vampiric Draining        Necr           24%          1%          3
 Animate Dead             Necr           24%          1%          4
 Agony                    Necr           49%          4%          5
 Mephitic Cloud           Conj/Pois/Air  23%          5%          3
 Hailstorm                Conj/Ice       32%          8%          4
 Death Channel            Necr           24%          22%         6


Dungeon Overview and Level Annotations

Branches:
Dungeon (10/15)            Temple (1/1) D:5            Lair (1/6) D:8
    Orc (2/2) D:10            Elf (0/3) Orc:2       Ossuary (visited)

Altars:
Cheibriados
Dithmenos
Fedhas
Kikubaaqudgha
Nemelex Xobeh
Qazlal
Ru
Trog
Uskayaw
Wu Jian
Zin
Beogh

Shops:
D:4 [   D:7 *   D:10 ?

Annotations:
D:8 1 transporter, UristMcRaven's ghost, novice VSTm


Innate Abilities, Weirdness & Mutations

You have a pair of antennae on your head.
You are mostly covered in yellow scales. (AC +3)
When hurt, damage is shared between your health and your magic reserves.
You are immune to miasma.


Message History

The orc high priest utters an invocation to Beogh.
The ufetubus is engulfed in seething chaos.
The ufetubus is moving more slowly.
An orc knight comes into view. It is wielding a +0 war axe.
The orc knight barely misses you.
Your Necromancy skill increases to level 9!
The rust devil disappears in a puff of smoke!
The ufetubus is engulfed in seething chaos.
The ufetubus seems to slow down.
The orc high priest hits you from afar with a +0 trident!
The ynoxinul gestures. x2
An orc priest comes into view.
It is wielding a +0 hand axe and wearing a +0 scale mail of willpower.
You see here a +0 war axe.
The ufetubus is engulfed in seething chaos.
The ynoxinul gestures.
The orc high priest hits you from afar with a +0 trident!
* * * LOW HITPOINT WARNING * * *
The orc knight hits you with a +3 war axe!!
You die...
Kikubaaqudgha rasps: "You have failed me!
Welcome... death!"

...............# ####
.[÷##.........## #÷...
.†.†#.....#.### ##.....
..[.#....#...## ...÷...
.......##.....# ##)5.5o..
......#.#....####5355o.§.
.........#...###55)5.5..÷
..........#...##o3o#.÷...
.....#........#.@.## ÷.÷.
.....[.....#..#..)## .## ##
..............#.)).### # ..
........##.#..##..)..######.##
.........##....##..).........#
..........##..####...........#.
.........###### ###.).........
.........### ###..........
...........### ##....).......


You could see 2 orc knights, an orc high priest (strong), 2 ynoxinuls, an orc
priest (strong) and 9 ufetubi.

Vanquished Creatures
  Rupert (Orc:2)
  An orc warlord (Orc:2)
  2 orc high priests (Orc:2)
  3 orc knights
  6 orc sorcerers
  Maggie (D:6)
  2 trolls (Orc:2)
  Prince Ribbit (D:5)
  3 yaks (D:10)
  2 wyverns
  2 steam dragons
  2 wargs (Orc:2)
  Duvessa (D:4)
  2 water moccasins
  21 orc warriors
  An ice beast (D:7)
  A sky beast (D:5)
  8 ogres
  A phantom (D:10)
  4 centaurs
  A big kobold (D:7)
  10 bullfrogs
  2 wyvern skeletons
  4 scorpions
  Dowan (D:4)
  14 killer bees
  3 wights (D:10)
  5 howler monkeys (D:7)
  A centaur zombie (Ossuary)
  2 bullfrog zombies
  Crazy Yiuf (D:5)
  9 hounds
  5 human zombies (Ossuary)
  4 jellies
  17 orc priests
  A bullfrog skeleton (D:10)
  A gnoll shaman (Orc:2)
  3 centaur skeletons
  15 orc wizards
  5 iguanas
  5 worker ants
  A big kobold zombie (Ossuary)
  A hound zombie (Ossuary)
  A hound skeleton (D:5)
  3 mummies (Ossuary)
  15 gnolls
  A howler monkey skeleton (D:4)
  8 adders
  A shadow imp (D:8)
  5 white imps
  2 ufetubi
  2 oozes
  An adder zombie (Ossuary)
  2 adder skeletons
  2 worms
  5 leopard geckos
  78 orcs
  3 ball pythons (D:1)
  6 bats
  6 giant cockroaches
  2 gnoll zombies (Ossuary)
  6 hobgoblins
  18 jackals
  9 kobolds
  6 quokkas
  A ball python skeleton (D:4)
  4 frilled lizards
  5 goblins
  3 goblin zombies (Ossuary)
  6 hobgoblin zombies (Ossuary)
  3 jackal zombies (Ossuary)
  3 kobold zombies (Ossuary)
  A leopard gecko zombie (D:6)
  An orc zombie (Ossuary)
  2 quokka zombies (Ossuary)
  5 rats
  5 rat zombies (Ossuary)
397 creatures vanquished.

Vanquished Creatures (collateral kills)
  Menkaure (D:5)
  An orc wizard (Orc:1)
  An orc priest (Orc:2)
3 creatures vanquished.

Vanquished Creatures (others)
  An orc wizard (Orc:2)
  2 fungi
  3 plants
6 creatures vanquished.

Grand Total: 406 creatures vanquished

Notes
Turn   | Place    | Note
-------+----------+-------------------------------------------
     0 | D:1      | night the Demonspawn Ice Elementalist began the quest for
                  | the Orb.
     0 | D:1      | Reached XP level 1. HP: 13/13 MP: 3/3
   375 | D:1      | Gained mutation: You are immune to miasma. [demonic
                  | ancestry]
   375 | D:1      | Reached XP level 2. HP: 19/19 MP: 5/5
  1150 | D:2      | Reached XP level 3. HP: 24/24 MP: 5/7
  1154 | D:2      | Learned a level 3 spell: Frozen Ramparts
  1158 | D:2      | Learned a level 3 spell: Ozocubu's Armour
  1184 | D:2      | Found an ornate altar of the Wu Jian Council.
  1243 | D:2      | Noticed a bullfrog
  1252 | D:2      | Killed a bullfrog
  1253 | D:2      | Reached XP level 4. HP: 16/30 MP: 5/9
  1812 | D:2      | Found a shadowy altar of Dithmenos.
  2253 | D:3      | Found a stormy altar of Qazlal.
  2302 | D:3      | Gained mutation: You have a pair of small antennae on your
                  | head. [demonic ancestry]
  2302 | D:3      | Reached XP level 5. HP: 35/35 MP: 10/10
  2441 | D:3      | Found an ancient bone altar of Kikubaaqudgha.
  2451 | D:3      | Became a worshipper of Kikubaaqudgha
  2472 | D:3      | Found a faded altar of an unknown god.
  2896 | D:3      | Reached skill level 5 in Ice Magic
  3039 | D:3      | Found a sacrificial altar of Ru.
  3074 | D:3      | Found a snail-covered altar of Cheibriados.
  3098 | D:4      | Noticed an ogre
  3111 | D:3      | Killed an ogre
  3112 | D:3      | Gained mutation: You are partially covered in yellow
                  | scales. (AC +2) [demonic ancestry]
  3112 | D:3      | Reached XP level 6. HP: 14/41 MP: 0/12
  3319 | D:3      | Learned a level 4 spell: Summon Ice Beast
  3528 | D:4      | Reached * piety under Kikubaaqudgha
  3528 | D:4      | Identified Kikubaaqudgha's Handbook of Necromancy
                  | (Kikubaaqudgha gifted it to you on level 4 of the Dungeon)
  3528 | D:4      | Received a gift from Kikubaaqudgha
  3566 | D:4      | Learned a level 2 spell: Sublimation of Blood
  3612 | D:4      | Learned a level 1 spell: Pain
  3911 | D:4      | Reached skill level 1 in Necromancy
  4074 | D:4      | Noticed Dowan
  4075 | D:4      | Found Roesit's Armour Shop.
  4094 | D:4      | Killed Dowan
  4129 | D:4      | Noticed Duvessa
  4147 | D:5      | Entered Level 5 of the Dungeon
  4348 | D:4      | Killed Duvessa
  4349 | D:4      | Reached skill level 5 in Spellcasting
  4349 | D:4      | Reached XP level 7. HP: 41/46 MP: 6/14
  4426 | D:4      | Bought a +2 hat for 192 gold pieces
  4678 | D:5      | Got a crude mace
  4678 | D:5      | Identified the +7 mace "Jiganez" {vamp, MP-9 Int+7 Stlth-}
                  | (You found it on level 5 of the Dungeon)
  4753 | D:5      | Noticed Menkaure
  4910 | D:5      | Killed Menkaure
  5254 | D:5      | Noticed Prince Ribbit
  5264 | D:5      | Killed Prince Ribbit
  5265 | D:5      | Reached XP level 8. HP: 34/52 MP: 10/17
  5302 | D:5      | Found a staircase to the Ecumenical Temple.
  5603 | Temple   | Entered the Ecumenical Temple
  5934 | D:5      | Found a runed translucent door.
  5937 | D:5      | Noticed Crazy Yiuf
  5944 | D:5      | Killed Crazy Yiuf
  5945 | D:5      | Reached skill level 5 in Necromancy
  6265 | D:6      | Reached ** piety under Kikubaaqudgha
  6885 | D:6      | Gained mutation: When hurt, damage is shared between your
                  | health and your magic reserves. [demonic ancestry]
  6885 | D:6      | Reached XP level 9. HP: 57/57 MP: 15/19
  7217 | D:6      | Noticed Maggie
  7232 | D:6      | Killed Maggie
  7583 | D:7      | Got an ominously black robe
  7593 | D:7      | Identified the cursed +1 robe of Hegek {rC+} (You found it
                  | on level 7 of the Dungeon)
  7671 | D:7      | Learned a level 4 spell: Olgreb's Toxic Radiance
  7698 | D:7      | Reached skill level 1 in Poison Magic
  7760 | D:7      | Found a hide-covered altar of Uskayaw.
  7766 | D:7      | Reached *** piety under Kikubaaqudgha
  7766 | D:7      | Identified Kikubaaqudgha's Disquisition on Evil Magic
                  | (Kikubaaqudgha gifted it to you on level 7 of the Dungeon)
  7766 | D:7      | Received a gift from Kikubaaqudgha
  7917 | D:7      | Found a sand-covered staircase.
  7933 | Ossuary  | Entered an ossuary
  7939 | Ossuary  | Learned a level 4 spell: Dispel Undead
  8676 | D:7      | Found Fekhlise's General Store.
  8936 | D:8      | Found a sparkling altar of Nemelex Xobeh.
  8980 | D:8      | Noticed UristMcRaven's ghost (novice VSTm)
  8982 | D:8      | Found a transporter.
  8987 | D:8      | Reached **** piety under Kikubaaqudgha
  9032 | D:8      | Found a transporter.
  9066 | D:8      | Reached XP level 10. HP: 63/63 MP: 18/22
  9243 | D:8      | Found a staircase to the Lair.
  9418 | D:8      | Got a brightly glowing marble ring
  9611 | D:8      | Identified the ring "Othresum" {Str+4 Dex+6} (You found it
                  | on level 8 of the Dungeon)
 10305 | D:9      | Learned a level 3 spell: Ignite Poison
 10818 | D:9      | Found a blossoming altar of Fedhas.
 10847 | D:9      | Found a glowing silver altar of Zin.
 10847 | D:9      | Found a bloodstained altar of Trog.
 10956 | D:10     | Entered Level 10 of the Dungeon
 11004 | D:10     | Reached skill level 5 in Poison Magic
 11097 | D:10     | Identified a scroll of acquirement
 11097 | D:10     | Acquired a +1 vampiric lajatang
 11339 | D:10     | Found Axidwya's Magic Scroll Emporium.
 11344 | D:10     | Bought a scroll of blinking for 105 gold pieces
 11403 | D:10     | Reached ***** piety under Kikubaaqudgha
 11459 | D:10     | Found a staircase to the Orcish Mines.
 11920 | D:10     | Reached skill level 10 in Ice Magic
 12211 | Lair:1   | Entered Level 1 of the Lair of Beasts
 12211 | Lair:1   | Noticed a cane toad
 12226 | Lair:1   | HP: 1/62 [cane toad (4)]
 12570 | Orc:1    | Entered Level 1 of the Orcish Mines
 12617 | Orc:1    | Noticed an orc knight
 12626 | Orc:1    | Killed an orc knight
 12627 | Orc:1    | Reached skill level 1 in Fighting
 12627 | Orc:1    | Gained mutation: You are mostly covered in yellow scales.
                  | (AC +3) [demonic ancestry]
 12627 | Orc:1    | Reached XP level 11. HP: 63/70 MP: 1/24
 12958 | Orc:1    | Noticed an orc sorcerer
 12968 | Orc:1    | Killed an orc sorcerer
 13190 | Orc:2    | Entered Level 2 of the Orcish Mines
 13190 | Orc:2    | Noticed an orc sorcerer
 13193 | Orc:2    | Killed an orc sorcerer
 13513 | Orc:2    | Found a roughly hewn altar of Beogh.
 13586 | Orc:2    | Found a staircase to the Elven Halls.
 13740 | Orc:2    | Noticed Rupert
 13768 | Orc:2    | Killed Rupert
 13769 | Orc:2    | Reached skill level 10 in Spellcasting
 14124 | Orc:2    | Noticed an orc sorcerer
 14131 | Orc:2    | Killed an orc sorcerer
 14298 | Orc:2    | Learned a level 5 spell: Borgnjor's Vile Clutch
 14422 | Orc:2    | Noticed an orc warlord
 14442 | Orc:2    | Killed an orc warlord
 14637 | Orc:2    | Noticed an orc knight
 14674 | Orc:2    | Killed an orc knight
 15130 | Orc:2    | Noticed an orc sorcerer
 15136 | Orc:2    | Noticed a soul eater
 15137 | Orc:2    | Killed an orc sorcerer
 15137 | Orc:2    | Reached ****** piety under Kikubaaqudgha
 15138 | Orc:2    | Reached skill level 5 in Fighting
 15138 | Orc:2    | Gained mutation: You have a pair of antennae on your head.
                  | [demonic ancestry]
 15138 | Orc:2    | Reached XP level 12. HP: 80/86 MP: 16/26
 15369 | Orc:2    | Noticed an orc high priest
 15370 | Orc:2    | Noticed an orc high priest
 15372 | Orc:2    | Noticed an orc high priest
 15378 | Orc:2    | Reached skill level 1 in Staves
 15378 | Orc:2    | Killed an orc high priest
 15380 | Orc:2    | Killed an orc high priest
 15382 | Orc:2    | Mangled by an orc knight

Illustrated notes

Levels and vault maps discovered:
D:1:      scummos_arrival_gate, layout_loops_corners, minmay_tiny_reverse_x
D:2:      layout_loops_ring, general_overflow_altar, overflow_temple_1_default,
          nrook_uturn
D:3:      minmay_wonky_spiral, layout_basic, lemuel_crystal_altar,
          nicolae_ru_path_of_blood, grunt_qazlal_sundering, old_standard_altar,
          chequers_ecumenical_altar_simple
D:4:      layout_rooms, serial_shops, shop_fountains, uniq_duvessa
D:5:      layout_rooms, minmay_temple_entry_large_hall, uniq_menkaure,
          uniq_crazy_yiuf_cottage, uniq_prince_ribbit1
D:6:      layout_loops_ring, uniq_maggie
D:7:      layout_gridville, nicolae_overflow_crystal_walls,
          nicolae_ossuary_entry_monument, serial_shops, nicolae_shop_trees
D:8:      layout_gridville, kennysheep_little_box, dpeg_oklobed_lair,
          gammafunk_ghost_hive
D:9:      layout_rooms, marbit_many_paths, gammafunk_temple_overflow_elements
D:10:     layout_loops_ring, hiddenorc2_lemuel, serial_shops, shop,
          amcnicky_mini_rare_corridor_liquid
Temple:   minmay_temple_curvy_loop
Lair:1:   layout_gridlike, serial_rivers, chequers_serial_rivers_micro_d,
          chequers_serial_rivers_large_b, chequers_serial_rivers_micro_a,
          chequers_serial_rivers_micro_a, chequers_serial_rivers_room_a
Orc:1:    layout_caves
Orc:2:    grunt_orc_tribal_feast, layout_caves, basic_altar,
          nicolae_orc_sculptors_studio, uniq_rupert

Skill      XL: |  1  2  3  4  5  6  7  8  9 10 11 12 |
---------------+-------------------------------------+-----
Ice Magic      | 4 5 6 7 8 10 | 10.2
Spellcasting   | 3 4 5 6 8 9 10 | 10.7
Necromancy     | 2 4 6 8 9 |  9.0
Poison Magic   | 3 6 8 |  8.5
Fighting       | 1 5 |  5.6
Staves         | 1 |  1.7
Dodging        | |  1.7
Stealth        | |  1.7

Action                   |  1- 3 |  4- 6 |  7- 9 | 10-12 || total
-------------------------+-------+-------+-------+-------++-------
Melee: Spear             |    50 |    72 |   111 |       ||   233
       Whip              |     2 |       |    23 |       ||    25
       Trident           |       |    29 |    27 |       ||    56
       Quarterstaff      |       |       |   171 |       ||   171
       Falchion          |       |       |    23 |   148 ||   171
       Lajatang          |       |       |       |   127 ||   127
       Hand axe          |       |       |       |     8 ||     8
Throw: Stone             |       |     8 |       |       ||     8
       Dart              |       |     7 |     1 |     1 ||     9
 Cast: Freeze            |    15 |    34 |    28 |    10 ||    87
       Frozen Ramparts   |     2 |    16 |    38 |    13 ||    69
       Ozocubu's Armour  |       |     1 |     8 |    14 ||    23
       Summon Ice Beast  |       |     1 |     2 |     5 ||     8
       Pain              |       |     1 |     2 |     4 ||     7
       Dispel Undead     |       |       |     7 |     4 ||    11
       Olgreb's Toxic Ra |       |       |     1 |    51 ||    52
       Ignite Poison     |       |       |       |    25 ||    25
       Sublimation of Bl |       |       |       |     1 ||     1
Evoke: Wand              |       |       |       |     5 ||     5
  Use: Scroll            |       |     3 |    10 |     8 ||    21
       Potion            |       |       |       |     3 ||     3
 Stab: Sleeping          |     2 |     4 |     2 |     4 ||    12
       Paralysed         |       |       |     1 |       ||     1
       Distracted        |       |       |       |     1 ||     1
Armor: Robe              |    19 |    31 |    40 |       ||    90
       Swamp dragon scal |       |       |   169 |    21 ||   190
       Steam dragon scal |       |       |       |   167 ||   167
Dodge: Dodged            |    48 |    86 |   229 |   225 ||   588
       Rpst.: Falchion   |       |       |     5 |    33 ||    38
